 Dungeon Crawl Stone Soup version 0.20-a0-555-gf6ae02d (console) character file.

5255 Lahna the Fighter (level 10, -1/99 HPs)
             Began as a Naga Fighter on Feb 5, 2017.
             Was a Priest of Cheibriados.
             Slain by a hippogriff (5 damage)
             ... on level 1 of the Lair of Beasts on Feb 6, 2017.
             The game lasted 00:26:09 (9243 turns).

Lahna the Fighter (Naga Fighter)                    Turns: 9243, Time: 00:26:10

Health: -1/99      AC: 12    Str: 28    XL:     10   Next: 62%
Magic:  11/13      EV:  5    Int: 19    God:    Cheibriados [***...]
Gold:   194        SH: 12    Dex: 18    Spells: 9/9 levels left

rFire    . . .     SeeInvis +   a - +0 rapier
rCold    . . .     Gourm    .   k - +0 chain mail
rNeg     . . .     Faith    .   c - +1 shield
rPois    +         Spirit   .   x - +2 helmet {Int+3}
rElec    .         Reflect  .   (no cloak)
rCorr    .         Harm     .   (no gloves)
MR       +....                  (no barding)
Stlth    ..........             (no amulet)
Regen    0.3/turn               (no ring)
                                q - ring of wizardry

@: very slow
A: see invisible, deformed body, poison resistance, slowness 2, slow metabolism
1, spit poison 1, AC +3
a: Spit Poison, Bend Time, Temporal Distortion, Renounce Religion


You were on level 1 of the Lair of Beasts.
You worshipped Cheibriados.
Cheibriados was most pleased with you.
You were not hungry.

You visited 2 branches of the dungeon, and saw 9 of its levels.

You collected 441 gold pieces.
You spent 247 gold pieces at shops.

Inventory:

Hand Weapons
 a - a +0 rapier (weapon)
 b - a +3 long sword of holy wrath
 y - the +4 Vampire's Tooth {vamp}
   (You found it on level 4 of the Dungeon)

   It inflicts no extra harm, but heals its wielder when it wounds a living foe.
Armour
 c - a +1 shield (worn)
 k - a +0 chain mail (worn)
 x - a +2 helmet of intelligence (worn)
Jewellery
 q - a ring of wizardry (left hand)
 v - an uncursed ring of ice
Wands
 d - a wand of flame (23/48)
 B - a wand of disintegration (3/24)
Scrolls
 e - 2 scrolls of enchant armour
 l - 5 scrolls of magic mapping
 m - a scroll of identify
 s - a scroll of noise {unknown}
 t - 3 scrolls of teleportation
Potions
 g - 5 potions of curing
 h - 2 potions of brilliance
 i - a potion of berserk rage {unknown}
 A - a potion of cancellation {unknown}
Books
 n - a book of Frost

   Spells                             Type                      Level
   a - Freeze                         Ice                          1
   b - Throw Frost                    Conjuration/Ice              2
   c - Ozocubu's Armour               Charms/Ice                   3
   d - Throw Icicle                   Conjuration/Ice              4
   e - Summon Ice Beast               Ice/Summoning                4
 o - Forock's Handbook of Flight
   (You found it on level 5 of the Dungeon)

   Spells                             Type                      Level
   a - Airstrike                      Air                          4
   b - Summon Lightning Spire         Summoning/Air                4
   c - Freezing Cloud                 Conjuration/Ice/Air          6
 p - a book of Changes

   Spells                             Type                      Level
   a - Beastly Appendage              Transmutation                1
   b - Sticks to Snakes               Transmutation                2
   c - Spider Form                    Transmutation/Poison         3
   d - Ice Form                       Ice/Transmutation            4
   e - Blade Hands                    Transmutation                5
Comestibles
 f - 8 bread rations
 j - 10 fruits
 r - a chunk of flesh
 u - 2 royal jellies
 z - 4 meat rations


   Skills:
 - Level 9.0 Fighting
 + Level 9.0 Long Blades
 + Level 6.1 Armour
 - Level 5.0 Shields
 + Level 4.5 Invocations


You had 9 spell levels left.
You didn't know any spells.

Dungeon Overview and Level Annotations

Branches:
Dungeon (8/15)             Temple (0/1) D:7            Lair (1/6) D:8

Altars:
Cheibriados
Hepliaklqana
Nemelex Xobeh
Ru
Sif Muna
Uskayaw
Vehumet
Xom
The Shining One

Shops:
D:8 (


Innate Abilities, Weirdness & Mutations

You cannot wear boots.
Your serpentine skin is tough. (AC +3)
You have supernaturally acute eyesight. (SInv)
Armour fits poorly on your strangely shaped body.
Your system is resistant to poisons. (rPois)
You cover ground very slowly.
You have a slow metabolism.
You can spit poison.


Message History

The hippogriff bites you but does no damage.
You block the hippogriff's attack.
The hippogriff claws you but does no damage.
You puncture the hippogriff!
The hippogriff is lightly wounded.
You hit the hippogriff.
The hippogriff is moderately wounded.
You block the hippogriff's attack. The hippogriff barely misses you.
You block the hippogriff's attack.
You hit the hippogriff but do no damage.
The hippogriff is moderately wounded.
The hippogriff bites you!
* * * LOW HITPOINT WARNING * * *
The hippogriff pecks you.
* * * LOW HITPOINT WARNING * * *
You block the hippogriff's attack.
You hit the hippogriff.
The hippogriff is moderately wounded.
The hippogriff bites you.
You die...

##..........
.......%...#.
#..........
........(...#
##.........
............##
##.......#
.............#
##......#
.............##
##.....#
..............#
#....##
..............#
##..###
......H@.......
#### #
...............
#####
#..............
#....
...........?..#
##...
.............##
#....
.#..........##
##.#..
#........###
#...#.
##.......#
##..## #...(#


You could see a hippogriff.

Vanquished Creatures
  A death yak (D:8)
  A black mamba (Lair:1)
  A spiny frog (Lair:1)
  2 hippogriffs (D:8)
  2 basilisks
  Menkaure (D:4)
  2 orc warriors (D:7)
  A sky beast (D:6)
  2 ice beasts
  A black bear (D:7)
  An ogre (D:4)
  2 centaurs (D:8)
  8 crocodiles
  A big kobold (D:4)
  3 bullfrogs
  A scorpion (D:7)
  6 killer bees (D:7)
  2 vampire bats (D:4)
  3 howler monkeys
  4 crimson imps
  3 bullfrog zombies
  A centaur zombie (D:5)
  A centaur skeleton (D:7)
  A jelly (D:8)
  5 hounds
  An orc priest (D:7)
  4 orc wizards (D:7)
  2 iguanas
  Ijyb (D:2)
  7 worker ants
  A hound zombie (D:7)
  14 adders
  A shadow imp (D:5)
  5 worms
  A dart slug (D:1)
  6 leopard geckos
  11 orcs
  2 ball pythons
  9 giant cockroaches
  17 goblins
  10 hobgoblins
  A jackal (D:4)
  31 kobolds
  3 quokkas
  15 bats
  3 frilled lizards
  2 quokka skeletons
  A quokka zombie (D:7)
  10 rats
214 creatures vanquished.

Vanquished Creatures (others)
  3 plants
3 creatures vanquished.

Grand Total: 217 creatures vanquished

Notes
Turn   | Place    | Note
-------+----------+-------------------------------------------
     0 | D:1      | Lahna the Naga Fighter began the quest for the Orb.
     0 | D:1      | Reached XP level 1. HP: 21/21 MP: 1/1
    81 | D:1      | Reached XP level 2. HP: 28/28 MP: 2/2
   485 | D:1      | Reached XP level 3. HP: 34/34 MP: 3/3
  1198 | D:2      | Reached XP level 4. HP: 43/43 MP: 4/4
  1307 | D:2      | Noticed Ijyb
  1329 | D:2      | Killed Ijyb
  1696 | D:2      | Found a sparkling altar of Nemelex Xobeh.
  1819 | D:2      | Found a shimmering altar of Xom.
  1857 | D:3      | Reached XP level 5. HP: 50/50 MP: 5/5
  2611 | D:3      | Found a sacrificial altar of Ru.
  3043 | D:4      | Reached XP level 6. HP: 53/58 MP: 6/6
  3339 | D:4      | Found a glowing golden altar of the Shining One.
  3404 | D:4      | Reached skill level 5 in Fighting
  3614 | D:4      | Noticed Menkaure
  3627 | D:4      | Killed Menkaure
  3627 | D:4      | Reached skill level 5 in Long Blades
  3627 | D:4      | Reached XP level 7. HP: 30/68 MP: 7/7
  4291 | D:5      | Entered Level 5 of the Dungeon
  4310 | D:5      | Found a snail-covered altar of Cheibriados.
  4318 | D:5      | Became a worshipper of Cheibriados the Contemplative
  4540 | D:5      | Identified Forock's Handbook of Flight
  4777 | D:5      | Found a hide-covered altar of Uskayaw.
  5073 | D:5      | Found a deep blue altar of Sif Muna.
  5239 | D:5      | Reached XP level 8. HP: 78/78 MP: 8/8
  5422 | D:6      | Reached * piety under Cheibriados
  5920 | D:7      | Found a hazy altar of Hepliaklqana.
  6147 | D:7      | Found a staircase to the Ecumenical Temple.
  6171 | D:7      | Reached XP level 9. HP: 23/88 MP: 9/9
  6175 | D:7      | Reached ** piety under Cheibriados
  6175 | D:7      | Reached skill level 1 in Invocations
  7045 | D:8      | Found a staircase to the Lair.
  7045 | D:8      | Noticed a death yak
  7078 | D:8      | Killed a death yak
  7205 | D:8      | HP: 4/90 [basilisk (3)]
  7209 | D:8      | Reached XP level 10. HP: 18/98 MP: 11/11
  7230 | D:8      | Reached skill level 5 in Shields
  7527 | D:8      | Reached skill level 5 in Armour
  7596 | D:8      | Found Nycvej's Antique Weapon Shop.
  7642 | D:8      | Bought a glowing long sword for 247 gold pieces
  7904 | D:8      | Found a radiant altar of Vehumet.
  8008 | D:8      | Reached *** piety under Cheibriados
  8361 | Lair:1   | Entered Level 1 of the Lair of Beasts
  8483 | Lair:1   | Noticed a black mamba
  8502 | Lair:1   | Killed a black mamba
  8860 | Lair:1   | Noticed a spiny frog
  8865 | Lair:1   | Killed a spiny frog
  8867 | Lair:1   | Noticed an eight-headed hydra
  9235 | Lair:1   | HP: 4/99 [eight-headed hydra (8)]
  9242 | Lair:1   | HP: 4/99 [hippogriff (6)]
  9243 | Lair:1   | Slain by a hippogriff

Vault maps used:
D:1:      minmay_arrival_doors
D:2:      kennysheep_the_goblin_king, nicolae_overflow_hidden_temple,
          nemelex_lonely_heart_becter
D:3:      minmay_diamond_boxcup, hangedman_ru_absence, first_bread
D:4:      kennysheep_kobold_camp, lemuel_coloured_pillars_altar,
          minmay_guarded_unrand_vampires_tooth, uniq_menkaure
D:5:      old_standard_altar, eat_drink_and_be_merry_uskayaw,
          lemuel_blue_sif_altar
D:6:      kennysheep_generic_room_4
D:7:      overflow_temple_1_default, temple_fountains
D:8:      marbit_many_paths, david_lair_generic, serial_shops,
          nicolae_shop_waterfront
Lair:1:   beast_lair_carwin_10, grunt_megastairs_3

Skill      XL: |  1  2  3  4  5  6  7  8  9 10 |
---------------+-------------------------------+-----
Shields        | 3 4 5 |  5.0
Armour         | 3 4 6 |  6.1
Fighting       | 4 5 6 8 9 |  9.0
Long Blades    | 3 4 5 6 7 8 9 |  9.0
Invocations    | 2 4 |  4.5

Action                   |  1- 3 |  4- 6 |  7- 9 | 10-12 || total
-------------------------+-------+-------+-------+-------++-------
Melee: Long sword        |   126 |   256 |   493 |   117 ||   992
       Rapier            |       |       |       |     9 ||     9
Invok: Bend Time         |       |       |       |     3 ||     3
 Abil: Spit Poison       |       |     6 |       |       ||     6
Evoke: Wand              |       |       |       |     5 ||     5
  Use: Scroll            |       |       |     7 |     3 ||    10
       Potion            |       |       |    11 |     3 ||    14
  Eat: Chunk             |       |     8 |     9 |     4 ||    21
Armor: Scale mail        |    56 |   118 |   207 |     5 ||   386
       Skin              |       |       |    37 |       ||    37
       Chain mail        |       |       |       |    83 ||    83
Dodge: Dodged            |    38 |    59 |   123 |    37 ||   257
Block: Shield            |    71 |   149 |   317 |    99 ||   636
       Rpst.: Long sword |    14 |    21 |    43 |     9 ||    87
